 Dungeon Crawl Stone Soup version 0.30-a0-358-g0d69a1922f (webtiles) character file.

Game seed: 16559407930190824482

8813 Pooter the Cleaver (level 11, -6/145 HPs)
             Began as a Minotaur Berserker on Nov 9, 2022.
             Was an Elder of Trog.
             Mangled by an orc warlord
             ... wielding a +0 war axe
              (9 damage)
             ... on level 1 of the Orcish Mines on Nov 10, 2022.
             The game lasted 00:58:00 (8512 turns).

Pooter the Cleaver (Minotaur Berserker)             Turns: 8512, Time: 00:58:01

Health: -6/145     AC: 12    Str: 29    XL:     11   Next: 14%
Magic:  19/19      EV:  9    Int:  6    God:    Trog [****..]
Gold:   702        SH:  5    Dex: 10    Spells: 10/10 levels left

rFire   . . .      SeeInvis +    a - +0 battleaxe
rCold   + . .      Faith    .    (shield currently unavailable)
rNeg    . . .      Spirit   .    R - +3 chain mail
rPois   +          Reflect  +    v - +0 hat
rElec   .          Harm     .    n - +0 cloak
rCorr   .          Rampage  .    (no gloves)
Will    ++...                    (no boots)
Stlth   ..........               l - amulet of reflection
HPRegen 1.44/turn                i - ring "Gideidio" {rPois MP+9 Str+5 Slay+2}
MPRegen 0.16/turn                S - ring of see invisible

@: berserking (expiring), strong-willed, regenerating, very quick
A: horns 2, retaliatory headbutt, cold resistance 1, wild magic 2
a: Renounce Religion, Berserk, Trog's Hand, Brothers in Arms


You were on level 1 of the Orcish Mines.
You worshipped Trog.
Trog was greatly pleased with you.
You visited 2 branches of the dungeon, and saw 10 of its levels.
You also visited: Bailey.

You collected 702 gold pieces.

Inventory:

Hand Weapons
 a - a +0 battleaxe (weapon)
   (You took it off an orc warrior on level 1 of the Orcish Mines)
 b - a +0 shortbow
   (You took it off a centaur on level 4 of the Dungeon)
 L - the +8 spear "Sualurez" {freeze, Str+4}
   (You took it off a kobold on level 7 of the Dungeon)

   It freezes those it strikes, dealing additional cold damage.
   It can also slow down cold-blooded creatures.
   Str:       It affects your strength (+4).
 M - a +1 halberd of draining
   (You took it off a gnoll in a bailey)
 Z - a +2 halberd of electrocution
   (You took it off a gnoll in a bailey)
Missiles
 f - 30 poisoned darts
 Q - 78 stones
 T - 8 boomerangs (quivered)
 U - 5 javelins
Armour
 m - quicksilver dragon scales
   (You found it on level 2 of the Dungeon)
 n - a +0 cloak (worn)
   (You found it on level 3 of the Dungeon)
 v - a +0 hat (worn)
   (You found it on level 4 of the Dungeon)
 F - a +0 plate armour
   (You took it off an orc warrior on level 7 of the Dungeon)
 R - a +3 chain mail (worn)
   (You took it off an orc in a bailey)
Jewellery
 c - a ring of fire
   (You found it on level 1 of the Dungeon)
 h - an amulet of regeneration
   (You found it on level 1 of the Dungeon)
 i - the ring "Gideidio" (left hand) {rPois MP+9 Str+5 Slay+2}
   (You acquired it on level 9 of the Dungeon)

   [ring of magical power]

   Str:       It affects your strength (+5).
   Slay:      It affects your accuracy & damage with ranged weapons and melee
   (+2).
   rPois:     It protects you from poison.
   MP:        It affects your magic capacity (+9).
 k - the amulet "Inikhlos" {RegenMP rC+ Int+5 Dex+4}
   (You found it on level 2 of the Dungeon)

   [amulet of magic regeneration]

   It increases your rate of magic regeneration.
   Int:       It affects your intelligence (+5).
   Dex:       It affects your dexterity (+4).
   rC:        It protects you from cold.
 l - an amulet of reflection (around neck)
   (You found it on level 3 of the Dungeon)
 p - a +6 ring of strength
   (You found it on level 3 of the Dungeon)
 u - a +4 ring of protection
   (You found it on level 3 of the Dungeon)
 G - an amulet of guardian spirit
   (You found it on level 6 of the Dungeon)
 N - a ring of positive energy
   (You found it on level 8 of the Dungeon)
 S - a ring of see invisible (right hand)
   (You found it on level 5 of the Dungeon)
Wands
 r - a wand of mindburst (28)
   (You found it on level 3 of the Dungeon)
 X - a wand of quicksilver (11)
   (You found it on level 8 of the Dungeon)
Scrolls
 e - 2 scrolls of vulnerability {!r}
 o - a scroll of fog {unknown}
 q - 2 scrolls of immolation {!r}
 t - 7 scrolls of teleportation {@r4}
 y - a scroll of noise {!r}
 C - 2 scrolls of fear
 D - a scroll of torment {unknown}
Potions
 d - 3 potions of curing {@q1}
 g - a potion of mutation {!q}
 j - 2 potions of lignification {unknown}
 s - 2 potions of magic {unknown}
 x - 4 potions of cancellation
 A - a potion of flight {unknown}
 B - 5 potions of heal wounds {@q2}
 H - 3 potions of haste {unknown}
 J - a potion of might {unknown}
 K - a potion of resistance {unknown}
 O - 2 potions of brilliance {unknown}
 P - a potion of invisibility {unknown}
 V - 2 potions of experience {unknown}
 Y - 2 potions of degeneration {unknown}


   Skills:
 + Level 9.5 Fighting
 * Level 10.7(11.6) Axes
 - Level 7.2(10.0) Polearms
 * Level 10.3 Ranged Weapons
 - Level 2.4 Armour
 - Level 2.1 Dodging
 - Level 2.3 Stealth
 + Level 5.9 Evocations


You had 10 spell levels left.
You didn't know any spells.
Your spell library was empty.

Dungeon Overview and Level Annotations

Branches:
Dungeon (9/15)             Temple (0/1) D:5            Lair (0/5) D:8
    Orc (1/2) D:9          Bailey (visited)

Altars:
Dithmenos
Fedhas
Gozag
Hepliaklqana
Nemelex Xobeh
Okawaru
Ru
Wu Jian
Xom

Shops:
D:6 =

Annotations:
D:9 exclusion: oklob plant


Innate Abilities, Weirdness & Mutations

You have a pair of horns on your head.
You reflexively headbutt those who attack you in melee.
Your flesh is cold resistant. (rC+)
Your spells are harder to cast, but more powerful.


Message History

A red film seems to cover your vision as you go berserk!
You feel yourself moving faster!
You feel mighty!
The orc warrior hits you but does no damage.
You slash the orc warrior!
You kill the orc warrior!
Trog accepts your kill. The orc warrior barely misses you.
The orc warlord hits you with a +0 war axe.
The orc warrior hits you with a +0 glaive!
Things that are here:
a +0 scimitar; a +0 chain mail; an orc corpse You barely miss the orc warlord.
You slash the orc warrior!
The orc warlord hits you with a +0 war axe!!
The orc warrior hits you but does no damage.
You slash the orc warlord! You hit the orc warrior.
You barely miss the orc warlord. You barely miss the orc warrior.
The orc warlord hits you with a +0 war axe.
The orc warrior closely misses you.
You slice the orc warlord!!
You headbutt the orc warlord, but do no damage.
You closely miss the orc warrior.
The orc warlord hits you with a +0 war axe.
You block the orc warrior's attack.
You slash the orc warlord! You headbutt the orc warlord!
You closely miss the orc warrior. You slash the orc warlord!
You hit the orc warrior but do no damage.
The orc warlord hits you with a +0 war axe!
The orc warrior hits you with a +0 glaive!
* * * LOW HITPOINT WARNING * * *
You slash the orc warlord! You slash the orc warrior!
You block the orc warlord's attack.
The orc warrior hits you with a +0 glaive!!
* * * LOW HITPOINT WARNING * * *
You hit the orc warlord but do no damage.
You headbutt the orc warlord. You hit the orc warrior.
The orc warlord hits you with a +0 war axe!!
* * * LOW HITPOINT WARNING * * *
The orc warrior hits you with a +0 glaive.
* * * LOW HITPOINT WARNING * * *
You hit the orc warlord but do no damage.
You headbutt the orc warlord. You hit the orc warrior.
You barely miss the orc warlord. You headbutt the orc warlord!
You hit the orc warrior.
The orc warlord hits you with a +0 war axe!!
* * * LOW HITPOINT WARNING * * *
The orc warrior hits you but does no damage.
You slash the orc warlord! You closely miss the orc warrior.
The orc warlord hits you with a +0 war axe!
You die...

####.................#
.#....##.............#####
###....#.......#.......#.##
##.....##.....####........#
##>...#[.....###......#.##
#..................#####
##.......#..........#
##....###.)..o#...## #....#
##).o@#..## ##..##
##.##...# ##.# ##..##.##
### #...#### ##.## #...#
##o## #o# .o.


You could see an orc warlord and an orc warrior (strong).

Vanquished Creatures
  2 two-headed ogres (Orc:1)
  An orc high priest (Orc:1)
  2 orc sorcerers (Orc:1)
  A komodo dragon (D:8)
  2 trolls (Orc:1)
  2 wyverns
  Eustachio (D:4)
  2 steam dragons
  3 wargs (Orc:1)
  2 sky beasts
  12 orc warriors
  4 ogres
  3 black bears
  3 ice beasts
  5 centaurs
  2 phantoms
  3 kobold brigands
  2 necrophages
  4 scorpions
  3 electric eels
  5 howler monkeys (D:8)
  A jelly (D:5)
  7 orc priests
  3 iguanas
  Natasha (thrice) (D:4)
  7 orc wizards
  15 gnolls
  8 adders
  A shadow imp (D:6)
  6 worms
  3 dart slugs
  53 orcs
  9 endoplasms
  6 giant cockroaches
  4 goblins
  4 hobgoblins
  2 jackals (D:1)
  15 kobolds
  6 quokkas
  16 ball pythons
  7 bats
  4 frilled lizards
  3 rats
247 creatures vanquished.

Vanquished Creatures (others)
  35 plants
35 creatures vanquished.

Grand Total: 282 creatures vanquished

Notes
Turn   | Place    | Note
-------+----------+-------------------------------------------
     0 | D:1      | Pooter the Minotaur Berserker began the quest for the Orb.
     0 | D:1      | Reached XP level 1. HP: 19/19 MP: 0/0
   253 | D:1      | Reached XP level 2. HP: 22/27 MP: 1/1
   673 | D:1      | Reached ** piety under Trog
   674 | D:1      | Reached skill level 1 in Stealth
   904 | D:1      | Reached XP level 3. HP: 33/33 MP: 2/2
  1151 | D:2      | Found a faded altar of an unknown god.
  1222 | D:2      | Identified the amulet "Inikhlos" {RegenMP rC+ Int+5 Dex+4}
  1536 | D:2      | Reached XP level 4. HP: 40/40 MP: 3/3
  1543 | D:2      | Reached skill level 5 in Axes
  2078 | D:3      | Found a sparkling altar of Nemelex Xobeh.
  2086 | D:3      | Reached XP level 5. HP: 47/47 MP: 4/4
  2221 | D:3      | Reached *** piety under Trog
  2419 | D:4      | Noticed a centaur
  2427 | D:4      | Killed a centaur
  2428 | D:4      | Reached skill level 5 in Fighting
  2487 | D:4      | Noticed Natasha
  2496 | D:4      | Killed Natasha
  2497 | D:4      | Reached XP level 6. HP: 56/56 MP: 5/5
  2501 | D:4      | Found an ornate altar of the Wu Jian Council.
  2548 | D:4      | Noticed Eustachio
  2576 | D:4      | Killed Eustachio
  2584 | D:4      | Noticed Natasha
  2588 | D:4      | Reached skill level 1 in Evocations
  2588 | D:4      | Reached XP level 7. HP: 61/61 MP: 6/6
  2588 | D:4      | Killed Natasha
  2690 | D:4      | Found a hazy altar of Hepliaklqana.
  2691 | D:4      | Found a shadowy altar of Dithmenos.
  2691 | D:4      | Noticed a shadow
  2863 | D:4      | Noticed Natasha
  2882 | D:4      | Killed Natasha
  3048 | D:5      | Entered Level 5 of the Dungeon
  3357 | D:5      | Found a staircase to the Ecumenical Temple.
  3629 | D:5      | Reached XP level 8. HP: 70/70 MP: 7/7
  3890 | D:6      | Found Lailuoh's Jewellery Emporium.
  3903 | D:6      | Reached skill level 5 in Ranged Weapons
  4148 | D:6      | Found a blossoming altar of Fedhas.
  4638 | D:6      | Reached XP level 9. HP: 71/79 MP: 8/8
  4666 | D:6      | Found a shimmering altar of Xom.
  4731 | D:7      | Found an opulent altar of Gozag.
  4843 | D:7      | Found an iron altar of Okawaru.
  4843 | D:7      | Identified the +8 spear "Sualurez" {freeze, Str+4}
  4859 | D:7      | Reached **** piety under Trog
  4910 | D:7      | Reached skill level 10 in Axes
  4968 | D:7      | Found a flagged portal.
  4975 | Bailey   | Entered a bailey
  5496 | D:7      | Gained mutation: You occasionally shout uncontrollably at
                  | your foes. [potion of mutation]
  5496 | D:7      | Gained mutation: You frequently scream uncontrollably at
                  | your foes. [potion of mutation]
  5497 | D:7      | Lost mutation: You frequently scream uncontrollably at your
                  | foes. [potion of mutation]
  5497 | D:7      | Lost mutation: You occasionally shout uncontrollably at
                  | your foes. [potion of mutation]
  5497 | D:7      | Gained mutation: Potions are less effective at restoring
                  | your health. [potion of mutation]
  5497 | D:7      | Gained mutation: You are clumsy. (Dex -2) [potion of
                  | mutation]
  5497 | D:7      | Gained mutation: Your flesh is heat resistant. (rF+)
                  | [potion of mutation]
  5498 | D:7      | Lost mutation: You are clumsy. (Dex -2) [potion of
                  | mutation]
  5498 | D:7      | Lost mutation: Your flesh is heat resistant. (rF+) [potion
                  | of mutation]
  5498 | D:7      | Lost mutation: Potions are less effective at restoring your
                  | health. [potion of mutation]
  5498 | D:7      | Gained mutation: Your flesh is cold resistant. (rC+)
                  | [potion of mutation]
  5498 | D:7      | Gained mutation: Your spells are a little harder to cast,
                  | but a little more powerful. [potion of mutation]
  5498 | D:7      | Gained mutation: Your spells are harder to cast, but more
                  | powerful. [potion of mutation]
  5570 | D:7      | Reached skill level 1 in Polearms
  6104 | D:8      | Found a staircase to the Lair.
  6106 | D:8      | Noticed a komodo dragon
  6117 | D:8      | Killed a komodo dragon
  6463 | D:8      | Found a sacrificial altar of Ru.
  6646 | D:8      | Reached XP level 10. HP: 57/88 MP: 9/9
  7418 | D:9      | Found a staircase to the Orcish Mines.
  7480 | D:9      | Identified a scroll of acquirement
  7480 | D:9      | Acquired the ring "Gideidio" {rPois MP+9 Str+5 Slay+2}
  7491 | Orc:1    | Entered Level 1 of the Orcish Mines
  7508 | D:9      | Noticed an oklob plant
  7605 | Orc:1    | Noticed a two-headed ogre
  7613 | Orc:1    | Killed a two-headed ogre
  7614 | Orc:1    | Reached skill level 5 in Polearms
  7614 | Orc:1    | Reached skill level 5 in Evocations
  7615 | Orc:1    | Noticed an orc high priest
  7631 | Orc:1    | Killed an orc high priest
  7739 | Orc:1    | Noticed an orc sorcerer
  7742 | Orc:1    | Killed an orc sorcerer
  7777 | Orc:1    | Noticed an orc sorcerer
  7779 | Orc:1    | Paralysed by an orc sorcerer for 4 turns
  7784 | Orc:1    | Killed an orc sorcerer
  8279 | Orc:1    | Reached skill level 10 in Ranged Weapons
  8299 | Orc:1    | Noticed a two-headed ogre
  8305 | Orc:1    | Killed a two-headed ogre
  8306 | Orc:1    | Reached XP level 11. HP: 97/97 MP: 10/10
  8477 | Orc:1    | Noticed an orc warlord
  8511 | Orc:1    | HP: 2/145 [orc warlord/+0 war axe (18)]
  8512 | Orc:1    | Mangled by an orc warlord

Illustrated notes

Levels and vault maps discovered:
D:1:      sevenhm_arrival_forest_fort_large_1, layout_basic
D:2:      layout_loops_ring, hellmonk_ecumenical_altar_inner_sanctum,
          serial_bayou_pond_d, grunt_ministairs_13
D:3:      layout_rooms, mainiacjoe_overflow_chevrons, serial_corexii_hall,
          corexii_hall_statues_s, chequers_hall_statues_wall_a,
          corexii_hall_statues_l, chequers_hall_statues_y,
          minmay_misc_feat_tower
D:4:      layout_cave_pools, riverfiend_overflow_shadow_ancestor,
          mainiacjoe_overflow_brackets, minmay_misc_feat_nine_boxes,
          uniq_eustachio, uniq_natasha
D:5:      layout_rooms, minmay_temple_entry_trees, roderic_roman_lattice
D:6:      layout_loops_ring, marbit_many_paths, lemuel_crystal_altar,
          serial_shops, nicolae_shop_advertising_works
          [nicolae_subvault_shop_adworks]
D:7:      layout_loops_ring, okawaru_ov_weapons_minmay, grunt_gozag_statues,
          enter_bailey_2
D:8:      layout_basic, nicolae_ru_sacrificial_ziggurat, david_lair_shrubbed,
          minmay_misc_feat_room, serial_bayou_lagoon_b
D:9:      layout_cave_pools, nicolae_overflow_two_pavilions, orc_0_dummy,
          minmay_large_rounded_square, introduction_to_nature_1
Orc:1:    orc_temple, layout_diamond_mine

Skill      XL: |  1  2  3  4  5  6  7  8  9 10 |
---------------+-------------------------------+-----
Axes           | 4 5 6 7 8 9 10 | 10.7
Fighting       | 4 5 6 7 8 9 |  9.5
Stealth        | 1 2 |  2.3
Ranged Weapons | 2 4 6 8 10 | 10.3
Evocations     | 1 2 3 4 5 |  5.9
Polearms       | 3 7 |  7.2
Armour         | |  2.4
Dodging        | |  2.1

Action                   |  1- 3 |  4- 6 |  7- 9 | 10-12 || total
-------------------------+-------+-------+-------+-------++-------
Melee: Hand axe          |    99 |    53 |    16 |       ||   168
       Headbutt          |    18 |     9 |    40 |    19 ||    86
       Punch             |     2 |       |     3 |       ||     5
       Trident           |       |       |   134 |       ||   134
       Halberd           |       |       |    47 |    70 ||   117
       Spear             |       |       |    43 |       ||    43
       Battleaxe         |       |       |       |    26 ||    26
 Fire: Shortbow          |       |    20 |   102 |    48 ||   170
Throw: Dart              |     1 |       |       |       ||     1
       Boomerang         |       |       |     3 |       ||     3
Invok: Berserk           |       |     4 |     4 |     3 ||    11
       Trog's Hand       |       |     3 |     6 |     5 ||    14
Evoke: Wand              |       |     4 |     7 |    17 ||    28
  Use: Scroll            |     3 |     1 |     6 |     4 ||    14
       Potion            |       |       |     3 |       ||     3
 Stab: Sleeping          |     2 |       |     3 |       ||     5
Armor: Animal skin       |    22 |       |       |       ||    22
       Quicksilver drago |     8 |    33 |    70 |       ||   111
       Chain mail        |       |       |    17 |    52 ||    69
Dodge: Dodged            |    61 |    46 |   102 |    31 ||   240
Block: Other             |       |       |    20 |    26 ||    46
       Reflection        |       |       |     1 |     2 ||     3

Table legend: (Time is in decaauts)
 A = Elapsed time spent in this place.
 B = Non-inter-level travel time spent in this place.
 C = Inter-level travel time spent in this place.
 D = Time resting spent in this place.
 E = Time spent auto-exploring this place.
 F = Levels seen in this place.
 G = Mean time per level.
                   A        B        C        D        E       F      G
               +--------+--------+--------+--------+--------+-----+--------+
         Total |   8662 |   8478 |    184 |   1304 |   5069 |  11 |  787.5 |
       Dungeon |   7240 |   7056 |    184 |    652 |   4839 |   9 |  804.4 |
  Orcish Mines |    973 |    973 |      0 |    521 |    215 |   1 |  973.0 |
        Bailey |    448 |    448 |      0 |    130 |     15 |   1 |  448.0 |
               +--------+--------+--------+--------+--------+-----+--------+

Top non-repeatable levels by time:
     D:8: 1580 daAuts
     D:1: 989 daAuts
   Orc:1: 973 daAuts
     D:6: 921 daAuts
     D:4: 749 daAuts
     D:2: 741 daAuts
     D:7: 740 daAuts
     D:3: 691 daAuts
     D:5: 691 daAuts
  Bailey: 448 daAuts
     D:9: 134 daAuts
